 Dungeon Crawl Stone Soup version 0.27-a0-1595-g0b823d0a13 (webtiles) character file.

Game seed: 3959438852984955634

1780 dukemarty79 the Cudgeller (level 8, -2/61 HPs)
             Began as a Demonspawn Gladiator on July 20, 2021.
             Was an Elder of Okawaru.
             Slain by Eustachio (5 damage)
             ... on level 6 of the Dungeon.
             The game lasted 00:16:43 (4984 turns).

dukemarty79 the Cudgeller (Demonspawn Gladiator)    Turns: 4984, Time: 00:16:44

Health: -2/61      AC:  5    Str: 16    XL:     8   Next: 81%
Magic:  8/8        EV: 13    Int: 10    God:    Okawaru [****..]
Gold:   164        SH:  0    Dex: 15    Spells: 7/7 levels left

rFire    . . .     SeeInvis .   q - +3 flail (protect)
rCold    . . .     Faith    .   (no shield)
rNeg     . . .     Spirit   .   E - +0 steam dragon scales
rPois    .         Reflect  .   c - +0 helmet
rElec    .         Harm     .   (no cloak)
rCorr    .         Rampage  .   e - +0 pair of gloves
Will     .....                  (no boots)
Stlth    ++........             (no amulet)
HPRegen  0.20/turn              (no ring)
MPRegen  0.11/turn              (no ring)

@: corroded, under a protective aura
A: hooves 2, yellow scales 1, spiny 1
a: Renounce Religion, Heroism


You were on level 6 of the Dungeon.
You worshipped Okawaru.
Okawaru was greatly pleased with you.
You visited 1 branch of the dungeon, and saw 6 of its levels.
You also visited: Ossuary.

You collected 164 gold pieces.

Inventory:

Hand Weapons
 a - a +0 long sword
 q - a +3 flail of protection (weapon)
 s - a +0 scythe of flaming
Missiles
 v - 2 boomerangs (quivered)
 D - 6 datura-tipped darts
Armour
 c - a +0 helmet (worn)
 e - a +0 pair of gloves (worn)
 o - a +0 chain mail
 E - +0 steam dragon scales (worn)
Magical Staves
 u - a staff of fire
Wands
 r - a wand of iceblast (9)
 C - a wand of flame (11)
Scrolls
 b - 4 scrolls of immolation {unknown}
 d - 2 scrolls of identify {unknown}
 f - a scroll of magic mapping {unknown}
 h - a scroll of torment {unknown}
 i - a scroll of noise {unknown}
 j - 2 scrolls of amnesia {unknown}
 k - a scroll of acquirement {unknown}
 n - 3 scrolls of enchant armour {unknown}
 p - a scroll of blinking {unknown}
 y - a scroll of fog {unknown}
Potions
 g - a potion of degeneration {unknown}
 l - 3 potions of haste {unknown}
 m - a potion of flight {unknown}
 t - a potion of curing {unknown}
 w - a potion of attraction {unknown}
 x - a potion of mutation {unknown}
 z - 2 potions of heal wounds {unknown}
 A - a potion of invisibility {unknown}
 B - a potion of lignification {unknown}


   Skills:
 + Level 4.4 Fighting
 + Level 4.8 Long Blades
 + Level 6.5 Maces & Flails
 + Level 2.0 Throwing
 + Level 4.4 Armour
 + Level 3.9 Dodging
 + Level 1.4 Stealth
 + Level 0.8 Invocations


You had 7 spell levels left.
You didn't know any spells.
Your spell library was empty.

Dungeon Overview and Level Annotations

Branches:
Dungeon (6/15)            Ossuary (visited)
 Temple: D:4-7

Altars:
Fedhas
Okawaru
Uskayaw

Shops:
D:1 (*(:

Annotations:
D:6 Eustachio


Innate Abilities, Weirdness & Mutations

You have hoof-like feet.
You are partially covered in yellow scales. (AC +2)
You are partially covered in sharp spines.


Message History

Eustachio hits you but does no damage.
You hit Eustachio but do no damage. You kick Eustachio.
Eustachio is moderately wounded.
Eustachio is struck by your spines.
Eustachio hits you with a +2 falchion of flaming!
Eustachio burns you.
* * * LOW HITPOINT WARNING * * *
You miss Eustachio.
Eustachio is moderately wounded.
Eustachio gestures wildly while chanting.
You hit Eustachio but do no damage.
Eustachio is moderately wounded.
Eustachio is struck by your spines.
Eustachio hits you with a +2 falchion of flaming.
* * * LOW HITPOINT WARNING * * *
Eustachio burns you.
* * * LOW HITPOINT WARNING * * *
You barely miss Eustachio. Your kick misses Eustachio.
Eustachio is heavily wounded.
Eustachio calls on the powers of shadow!
Eustachio casts a spell.
You hit Eustachio. You kick Eustachio, but do no damage.
Eustachio is heavily wounded.
Eustachio is struck by your spines.
Eustachio hits you with a +2 falchion of flaming.
* * * LOW HITPOINT WARNING * * *
Eustachio burns you.
* * * LOW HITPOINT WARNING * * *
The river rat closely misses you.
You hit Eustachio but do no damage.
Eustachio is severely wounded.
Eustachio gestures wildly while chanting.
Eustachio blinks!
The river rat closely misses you. The quokka closely misses you. x2
You barely miss Eustachio.
Eustachio is severely wounded.
Eustachio hits you with a +2 falchion of flaming!
* * * LOW HITPOINT WARNING * * *
Eustachio burns you.
You die...

...# ...# ...###
.....# ...<.# .....#
.....## #
......###### #####b#
...........# #r@@r5#
...###'###'###'###b#
..##..#.......#..# #
#..#..#.......#..#
#..'..'###+###+..+
#..#..#.+ ..#
#..#..#.# ..#
#..'##+.# ##+
...#..#.#


You could see Eustachio, a river rat (summoned), a shadow imp (summoned), a
quokka (summoned) and 2 bats.

Vanquished Creatures
  Maggie (D:6)
  Grinder (D:3)
  Sigmund (D:3)
  Menkaure (D:4)
  An ogre (D:5)
  A phantom (D:4)
  2 elf zombies (Ossuary)
  A wyvern zombie (D:5)
  A bullfrog zombie (D:5)
  2 jellies
  2 hounds
  2 human zombies (Ossuary)
  A centaur skeleton (D:5)
  2 iguanas (D:4)
  2 orc wizards (D:4)
  Ijyb (D:3)
  A killer bee zombie (D:5)
  A hound zombie (D:5)
  2 mummies (Ossuary)
  A howler monkey zombie (D:5)
  4 gnolls
  6 adders
  A river rat (D:4)
  2 adder skeletons (D:4)
  An adder zombie (Ossuary)
  A worm (D:2)
  4 dart slugs
  15 orcs
  8 ball pythons
  7 endoplasms
  3 giant cockroaches (D:1)
  4 goblins
  4 hobgoblins
  4 jackals (D:5)
  6 quokkas
  7 bats
  3 frilled lizards (D:2)
  9 hobgoblin zombies (Ossuary)
  A jackal zombie (Ossuary)
  8 kobolds
  14 kobold zombies (Ossuary)
  5 orc zombies (Ossuary)
  5 rats
  3 rat zombies (Ossuary)
152 creatures vanquished.

Notes
Turn   | Place    | Note
-------+----------+-------------------------------------------
     0 | D:1      | dukemarty79 the Demonspawn Gladiator began the quest for
                  | the Orb.
     0 | D:1      | Reached XP level 1. HP: 16/16 MP: 1/1
   263 | D:1      | Found Iner's Antique Weapon Emporium.
   322 | D:1      | Found a faded altar of an unknown god.
   342 | D:1      | Became a worshipper of Warmaster Okawaru
   342 | D:1      | Reached * piety under Okawaru
   401 | D:2      | Gained mutation: You have large cloven feet. [demonic
                  | ancestry]
   401 | D:2      | Reached XP level 2. HP: 22/22 MP: 2/2
   491 | D:1      | Found Futaazug's General Store.
   566 | D:1      | Found Polliog's Weapon Shop.
   790 | D:1      | Found Harradia's Book Shop.
  1112 | D:2      | Gained mutation: You are partially covered in sharp spines.
                  | [demonic ancestry]
  1112 | D:2      | Reached XP level 3. HP: 26/28 MP: 3/3
  1235 | D:3      | Noticed Grinder
  1960 | D:3      | Reached XP level 4. HP: 22/34 MP: 4/4
  1961 | D:3      | Paralysed by Grinder for 3 turns
  1969 | D:3      | Paralysed by Grinder for 3 turns
  1975 | D:3      | Paralysed by Grinder for 5 turns
  1981 | D:3      | Killed Grinder
  1981 | D:3      | Reached ** piety under Okawaru
  1982 | D:3      | Reached skill level 1 in Maces & Flails
  1982 | D:3      | Gained mutation: You have hoof-like feet. [demonic
                  | ancestry]
  1982 | D:3      | Reached XP level 5. HP: 16/41 MP: 5/5
  2245 | D:3      | Noticed Sigmund
  2245 | D:3      | Noticed Ijyb
  2251 | D:3      | Killed Sigmund
  2252 | D:3      | Gained mutation: You are partially covered in yellow
                  | scales. (AC +2) [demonic ancestry]
  2252 | D:3      | Reached XP level 6. HP: 36/47 MP: 3/6
  2268 | D:3      | Killed Ijyb
  2269 | D:3      | Reached skill level 2 in Maces & Flails
  2413 | D:3      | Found a hide-covered altar of Uskayaw.
  2714 | D:4      | Reached *** piety under Okawaru
  2715 | D:4      | Reached XP level 7. HP: 47/52 MP: 4/7
  2846 | D:4      | Found a sand-covered staircase.
  2861 | Ossuary  | Entered an ossuary
  3131 | Ossuary  | Reached skill level 3 in Maces & Flails
  3466 | D:5      | Entered Level 5 of the Dungeon
  3485 | D:5      | Reached skill level 4 in Maces & Flails
  3733 | D:4      | Noticed Menkaure
  3737 | D:4      | Killed Menkaure
  3738 | D:4      | Reached XP level 8. HP: 18/60 MP: 5/8
  4009 | D:5      | Reached skill level 5 in Maces & Flails
  4528 | D:5      | Found a blossoming altar of Fedhas.
  4783 | D:6      | Noticed Maggie
  4802 | D:6      | Killed Maggie
  4802 | D:6      | Received a gift from Okawaru
  4802 | D:6      | Reached **** piety under Okawaru
  4803 | D:6      | Reached skill level 6 in Maces & Flails
  4953 | D:6      | Reached skill level 1 in Stealth
  4970 | D:6      | Noticed Eustachio
  4984 | D:6      | HP: 3/61 [Eustachio (10)]
  4984 | D:6      | Slain by Eustachio

Illustrated notes

Levels and vault maps discovered:
D:1:      sevenhm_arrival_forest_fort_large_2, layout_basic, serial_shops,
          shop_fountains, shop_coins, shop, shop_fountains,
          chequers_ecumenical_altar_simple
D:2:      layout_loops_ring
D:3:      layout_basic, mainiacjoe_overflow_small_starburst, uniq_sigmund,
          uniq_ijyb, uniq_grinder
D:4:      layout_cave_pools, gup_sewer_entry_spiral,
          lightli_ossuary_entry_decrepit_ruins, amcnicky_mini_pool_small,
          uniq_menkaure
D:5:      layout_rooms, fedhas_altar_2, cheibrodos_ashenzari_chains,
          minmay_fractal_squares_gapless_5
D:6:      layout_loops_ring, mainiacjoe_overflow_24_doors,
          minmay_temple_entry_glassed_door, uniq_eustachio, uniq_maggie

Skill      XL: |  1  2  3  4  5  6  7  8 |
---------------+-------------------------+-----
Dodging        | 3 |  3.9
Long Blades    | 3 4 |  4.8
Fighting       | 3 4 |  4.4
Maces & Flails | 1 2 4 6 |  6.5
Armour         | 2 3 4 |  4.4
Throwing       | 2 |  2.0
Stealth        | 1 |  1.4
Invocations    | |  0.8

Action                   |  1- 3 |  4- 6 |  7- 9 || total
-------------------------+-------+-------+-------++-------
Melee: Long sword        |    74 |       |       ||    74
       Kick              |    19 |    19 |    61 ||    99
       Flail             |     3 |    58 |   193 ||   254
       Punch             |       |     1 |     1 ||     2
Throw: Throwing net      |     3 |       |       ||     3
Invok: Heroism           |       |     4 |     3 ||     7
Armor: Ring mail         |    27 |       |       ||    27
       Chain mail        |    15 |    44 |   134 ||   193
       Steam dragon scal |       |       |     1 ||     1
Dodge: Dodged            |    42 |    33 |    75 ||   150
       Rpst.: Long sword |    13 |       |       ||    13

Table legend: (Time is in decaauts)
 A = Elapsed time spent in this place.
 B = Non-inter-level travel time spent in this place.
 C = Inter-level travel time spent in this place.
 D = Time resting spent in this place.
 E = Time spent auto-exploring this place.
 F = Levels seen in this place.
 G = Mean time per level.
                   A        B        C        D        E       F      G
               +--------+--------+--------+--------+--------+-----+--------+
         Total |   5106 |   4810 |    296 |   1493 |   1706 |   7 |  729.4 |
       Dungeon |   4518 |   4222 |    296 |   1383 |   1606 |   6 |  753.0 |
       Ossuary |    588 |    588 |      0 |    110 |    100 |   1 |  588.0 |
               +--------+--------+--------+--------+--------+-----+--------+

Top non-repeatable levels by time:
     D:4: 1207 daAuts
     D:2: 1083 daAuts
     D:1: 944 daAuts
     D:3: 803 daAuts
 Ossuary: 588 daAuts
     D:5: 399 daAuts
     D:6: 80 daAuts
